 Dungeon Crawl Stone Soup version 0.30-a0-879-ga8ba668304 (webtiles) character file.

Game seed: 15185074267021606298

2033917 cforsyth the Impregnable (level 27, 246/246 HPs)
             Began as a Barachi Fighter on Mar 13, 2023.
             Was the Champion of Cheibriados.
             Escaped with the Orb
             ... and 4 runes on Mar 14, 2023!
             The game lasted 03:43:53 (92549 turns).

cforsyth the Impregnable (Barachi Fighter)         Turns: 92549, Time: 03:43:54

Health: 246/246    AC: 54    Str: 48      XL:     27
Magic:  48/48      EV: 39    Int: 34 (36) God:    Cheibriados [******]
Gold:   7080       SH: 33    Dex: 35      Spells: 42/60 levels left

rFire   + + .      SeeInvis +    a - +10 war axe of the Thoughtful Knives {flame, rC+ rN+ Int+3}
rCold   + + +      Faith    .    D - +7 tower shield "Hioheffo" {rElec Str+2 Int+5}
rNeg    + + +      Spirit   .    T - +12 gold dragon scales
rPois   +          Reflect  .    U - +2 helmet "Edauff" {rElec Regen+}
rElec   +          Rampage  .    c - +1 cloak of Starlight {*Dazzle EV+4 Stlth--}
rCorr   +                        L - +2 pair of gloves {Str+3}
Will    ++...                    K - +2 pair of boots of Weirdness {rN+++ Str+4 Int-4 Dex-2} Stlth
                                 E - amulet of Sahumizu {RegenMP rF+ rCorr Str+2}
HPRegen 1.41/turn                P - ring "Joux" {rPois Dex+3 SInv}
MPRegen 0.71/turn                l - ring of Saoff {+Blink rC+ Dex+6 Slay+3}

@: studying 2 skills, very slow
A: amphibious, slowness 1, strong legs 2, +LOS, high MP 1, mutation resistance 1
0: Orb of Zot
}: 4/15 runes: decaying, slimy, silver, gossamer
a: Hop, Renounce Religion, Evoke Blink, Bend Time, Temporal Distortion, Slouch,
Step From Time


You escaped.
You worshipped Cheibriados.
Cheibriados was exalted by your worship.
You visited 12 branches of the dungeon, and saw 56 of its levels.
You visited 1 bazaar.
You also visited: Trove, Sewer, Wizlab and Desolation.

You collected 9135 gold pieces.
You spent 2055 gold pieces at shops.

Inventory:

Hand Weapons
 a - the +10 war axe of the Thoughtful Knives (weapon) {flame, rC+ rN+ Int+3}
   (You took it off a wizard on level 3 of the Vaults)

   Int:       It affects your intelligence (+3).
   rC:        It protects you from cold.
   rN:        It protects you from negative energy.
 b - a +8 broad axe of freezing
 Z - the +27 heavy crossbow "Sniper" {heavy, Acc+∞ SInv}
   (You found it in a treasure trove)

   Acc+∞: It never misses its target.
   SInv:      It lets you see invisible.
Armour
 c - the +1 cloak of Starlight (worn) {*Dazzle EV+4 Stlth--}
   (You found it on level 2 of the Depths)

   *Dazzle:   It may blind those who miss an attack against the wearer in melee
   combat.
   EV:        It affects your evasion (+4).
   Stlth:     It makes you much less stealthy.
 A - a +1 plate armour of willpower
 D - the +7 tower shield "Hioheffo" (worn) {rElec Str+2 Int+5}
   (You acquired it on level 2 of the Orcish Mines)

   Str:       It affects your strength (+2).
   Int:       It affects your intelligence (+5).
   rElec:     It insulates you from electricity.
 K - the +2 pair of boots of Weirdness (worn) {rN+++ Str+4 Int-4 Dex-2}
   (You found it on level 4 of the Spider Nest)

   Str:       It affects your strength (+4).
   Int:       It affects your intelligence (-4).
   Dex:       It affects your dexterity (-2).
   rN:        It renders you almost immune to negative energy.
 L - a +2 pair of gloves of strength (worn)
 R - the +0 cloak "Damnable Contraption" {rElec Slay+2}
   (You found it in a wizard's laboratory)

   Slay:      It affects your accuracy & damage with ranged weapons and melee
   (+2).
   rElec:     It insulates you from electricity.
 T - +12 gold dragon scales (worn)
 U - the +2 helmet "Edauff" (worn) {rElec Regen+}
   (You found it on level 1 of the Lair of Beasts)

   rElec:     It insulates you from electricity.
   Regen:     It increases your rate of health regeneration.
Jewellery
 k - the ring "Issosch" {rC+++ MP+9 Str+3 Stlth+}
   (You found it in the Desolation of Salt)

   [ring of magical power]

   Str:       It affects your strength (+3).
   rC:        It renders you almost immune to cold.
   MP:        It affects your magic capacity (+9).
   Stlth:     It makes you more stealthy.
 l - the ring of Saoff (right hand) {+Blink rC+ Dex+6 Slay+3}
   (You found it in the Desolation of Salt)

   [ring of dexterity]

   Dex:       It affects your dexterity (+6).
   Slay:      It affects your accuracy & damage with ranged weapons and melee
   (+3).
   rC:        It protects you from cold.
   +Blink:    It lets you blink.
 m - the ring "Mymur" {rF+ Str+4}
   (You found it on level 4 of the Dungeon)

   [ring of protection from fire]

   Str:       It affects your strength (+4).
   rF:        It protects you from fire.
 n - the amulet of Gouqoa {Reflect Str+4 Dex+3 SH+5}
   (You found it on level 4 of the Swamp)

   [amulet of reflection]

   It reflects blocked missile attacks.
   Str:       It affects your strength (+4).
   Dex:       It affects your dexterity (+3).
   SH:        It affects your SH (+5).
 B - a ring of protection from fire
 C - the ring of Zolah {Contam Fly rPois Int+4 Stlth+}
   (You took it off a fire giant on level 1 of the Depths)

   [ring of poison resistance]

   Int:       It affects your intelligence (+4).
   rPois:     It protects you from poison.
   Fly:       It grants you flight.
   Contam:    It causes magical contamination when unequipped.
   Stlth:     It makes you more stealthy.
 E - the amulet of Sahumizu (around neck) {RegenMP rF+ rCorr Str+2}
   (You found it on level 3 of the Realm of Zot)

   [amulet of magic regeneration]

   It increases your rate of magic regeneration.
   Str:       It affects your strength (+2).
   rF:        It protects you from fire.
   rCorr:     It protects you from acid and corrosion.
 H - a ring of positive energy
 I - a ring of protection from cold
 P - the ring "Joux" (left hand) {rPois Dex+3 SInv}
   (You found it on level 5 of the Pits of Slime)

   [ring of see invisible]

   Dex:       It affects your dexterity (+3).
   rPois:     It protects you from poison.
   SInv:      It lets you see invisible.
 Q - the ring "Ylilowol" {Will+ Int+6 Dex+3 Slay+3}
   (You took it off an ironbound convoker on level 5 of the Vaults)

   [ring of intelligence]

   Int:       It affects your intelligence (+6).
   Dex:       It affects your dexterity (+3).
   Slay:      It affects your accuracy & damage with ranged weapons and melee
   (+3).
   Will:      It increases your willpower.
 V - the amulet of Reodot {Spirit +Blink rCorr SInv}
   (You took it off a deep elf sorcerer on level 3 of the Elven Halls)

   [amulet of guardian spirit]

   It causes incoming damage to be divided between your reserves of health and
   magic.
   SInv:      It lets you see invisible.
   +Blink:    It lets you blink.
   rCorr:     It protects you from acid and corrosion.
 X - the ring "Jeogigeavi" {Fly rElec rPois Str+4}
   (You found it on level 5 of the Pits of Slime)

   [ring of flight]

   Str:       It affects your strength (+4).
   rElec:     It insulates you from electricity.
   rPois:     It protects you from poison.
   Fly:       It grants you flight.
Wands
 J - a wand of digging (10)
 W - a wand of charming (37)
 Y - a wand of flame (92)
Scrolls
 e - 14 scrolls of poison
 g - 9 scrolls of vulnerability
 q - 3 scrolls of summoning
 t - 2 scrolls of enchant armour
 u - 6 scrolls of blinking
 v - 4 scrolls of brand weapon
 w - 6 scrolls of fear
 y - 5 scrolls of silence
 z - 9 scrolls of immolation
 F - 13 scrolls of teleportation
 O - 13 scrolls of fog
Potions
 d - 9 potions of might
 f - 9 potions of heal wounds
 h - 13 potions of ambrosia
 i - 9 potions of flight
 j - 32 potions of curing
 o - 12 potions of attraction
 p - 10 potions of brilliance
 r - 9 potions of invisibility
 s - 3 potions of cancellation
 x - 10 potions of magic
 G - a potion of mutation
 M - 3 potions of berserk rage
 N - 7 potions of resistance
 S - 16 potions of lignification


   Skills:
 + Level 26.4 Fighting
 + Level 26.3 Axes
 + Level 26.5 Armour
 + Level 24.4 Dodging
 - Level 18.7 Shields
 + Level 17.2 Spellcasting
 - Level 14.0 Translocations
 - Level 10.0 Transmutations


You had 42 spell levels left.
You knew the following spells:

 Your Spells              Type           Power      Damage    Failure   Level
a - Blink                 Tloc           100%       N/A       1%          2
b - Wereblood             Tmut           77%        N/A       1%          2
c - Manifold Assault      Tloc           90%        N/A       1%          4
d - Lesser Beckoning      Tloc           100%       N/A       1%          2
e - Passage of Golubria   Tloc           90%        N/A       1%          4
f - Iskenderun's Mystic   Conj/Tloc      67%        2d14      5%          4

Your spell library contained the following spells:

 Spells                   Type           Power      Damage    Failure   Level
 Apportation              Tloc           100%       N/A       1%          1
 Momentum Strike          Conj/Tloc      100%       3d10      1%          2
 Passwall                 Tmut/Erth      49%        N/A       1%          2
 Gell's Gravitas          Tloc           90%        N/A       1%          3
 Portal Projectile        Hex/Tloc       100%       N/A       1%          3
 Teleport Other           Tloc           90%        N/A       1%          3
 Vhi's Electric Charge    Tloc/Air       100%       N/A       1%          3
 Spider Form              Tmut/Pois      59%        N/A       3%          3
 Kindle Blastsparks       Fire/Tloc/Air  100%       2d18      4%          3
 Blade Hands              Tmut           38%        N/A       4%          5
 Dispersal                Tloc           45%        N/A       4%          6
 Ignite Poison            Fire/Tmut/Pois 51%        N/A       7%          3
 Foxfire                  Conj/Fire      100%       2x1d9     10%         1
 Kiss of Death            Conj/Necr      100%       2d13      10%         1
 Necrotise                Necr           100%       1d9       10%         1
 Sandblast                Erth           58%        2d13      10%         1
 Shock                    Conj/Air       100%       1d9       10%         1
 Summon Small Mammal      Summ           100%       N/A       10%         1
 Petrify                  Tmut/Erth      59%        N/A       12%         4
 Cigotuvi's Dreadful Rot  Necr/Pois/Air  58%        N/A       14%         2
 Ensorcelled Hibernation  Hex/Ice        58%        N/A       14%         2
 Poisonous Vapours        Pois/Air       58%        N/A       14%         2
 Sublimation of Blood     Necr           29%        N/A       14%         2
 Summon Forest            Summ/Tloc      33%        N/A       14%         5
 Call Canine Familiar     Summ           29%        N/A       28%         3
 Inner Flame              Hex/Fire       29%        N/A       28%         3
 Mephitic Cloud           Conj/Pois/Air  29%        N/A       28%         3
 Ozocubu's Armour         Ice            29%        N/A       28%         3
 Stone Arrow              Conj/Erth      58%        3d10      28%         3
 Summon Guardian Golem    Hex/Summ       29%        N/A       28%         3
 Swiftness                Air            29%        N/A       28%         3
 Tukima's Dance           Hex            29%        N/A       28%         3
 Vampiric Draining        Necr           29%        2d8       28%         3
 Alistair's Intoxication  Tmut/Pois      39%        N/A       32%         5
 Irradiate                Conj/Tmut      29%        3d21      32%         5
 Yara's Violent Unravell  Hex/Tmut       29%        3d12      32%         5
 Airstrike                Air            14%        2d(3-19)  67%         4
 Anguish                  Hex/Necr       14%        N/A       67%         4
 Animate Dead             Necr           29%        N/A       67%         4
 Cause Fear               Hex            14%        N/A       67%         4
 Flame Wave               Conj/Fire      29%        2d9       67%         4
 Fulminant Prism          Conj/Hex       14%        3d9       67%         4
 Leda's Liquefaction      Hex/Erth       14%        N/A       67%         4
 Sticky Flame             Conj/Fire      29%        2d5       67%         4
 Summon Lightning Spire   Summ/Air       29%        N/A       67%         4
 Dragon Form              Tmut           38%        N/A       78%         7
 Eringya's Noxious Bog    Tmut/Pois      29%        N/A       88%         6
 Statue Form              Tmut/Erth      39%        N/A       88%         6
 Disjunction              Tloc           45%        N/A       89%         8
 Agony                    Necr           29%        N/A       95%         5
 Borgnjor's Vile Clutch   Necr/Erth      14%        N/A       95%         5
 Fireball                 Conj/Fire      14%        3d8       95%         5
 Iskenderun's Battlesphe  Conj           29%        2d8       95%         5
 Lee's Rapid Deconstruct  Erth           14%        3d9*      95%         5
 Metabolic Englaciation   Hex/Ice        14%        N/A       95%         5
 Silence                  Hex/Air        14%        N/A       95%         5
 Summon Mana Viper        Hex/Summ       29%        N/A       95%         5
 Malign Gateway           Summ/Tloc      33%        N/A       99%         7
 Conjure Ball Lightning   Conj/Air       14%        3x3d6     100%        6
 Death Channel            Necr           14%        N/A       100%        6
 Iron Shot                Conj/Erth      14%        9d4       100%        6
 Simulacrum               Ice/Necr       14%        N/A       100%        6
 Summon Cactus Giant      Summ           14%        N/A       100%        6
 Enfeeble                 Hex            14%        N/A       100%        7
 Haunt                    Necr/Summ      14%        N/A       100%        7
 Monstrous Menagerie      Summ           14%        N/A       100%        7
 Orb of Destruction       Conj           14%        9d7       100%        7
 Ozocubu's Refrigeration  Ice            14%        4d10      100%        7
 Spellforged Servitor     Conj/Summ      14%        N/A       100%        7
 Summon Hydra             Summ           14%        N/A       100%        7
 Borgnjor's Revivificati  Necr           14%        N/A       100%        8
 Discord                  Hex            14%        N/A       100%        8
 Ignition                 Fire           14%        3d6       100%        8
 Infestation              Necr           14%        N/A       100%        8
 Lehudib's Crystal Spear  Conj/Erth      14%        10d5      100%        8
 Maxwell's Capacitive Co  Air            14%        ∞         100%        8
 Necromutation            Tmut/Necr      29%        N/A       100%        8
 Summon Horrible Things   Summ           14%        N/A       100%        8
 Chain Lightning          Conj/Air       14%        3d19      100%        9
 Death's Door             Necr           14%        N/A       100%        9
 Fire Storm               Conj/Fire      14%        8d4       100%        9
 Shatter                  Erth           14%        3d14*     100%        9


Dungeon Overview and Level Annotations

Branches:
Dungeon (15/15)            Temple (1/1) D:5            Lair (5/5) D:11
  Swamp (4/4) Lair:2       Spider (4/4) Lair:2        Slime (5/5) Lair:4
    Orc (2/2) D:10            Elf (3/3) Orc:2        Vaults (5/5) D:14
  Crypt (3/3) Vaults:3       Tomb (0/3) Crypt:3      Depths (4/4) D:15
    Zot (5/5) Depths:4      Sewer (visited)          WizLab (visited)
Desolation (visited)

Altars:
Ashenzari
Cheibriados
Dithmenos
Elyvilon
Fedhas
Gozag
Hepliaklqana
Kikubaaqudgha
Makhleb
Nemelex Xobeh
Okawaru
Qazlal
Ru
Sif Muna
Trog
Uskayaw
Vehumet
Wu Jian
Xom
Yredelemnul
Zin
The Shining One
Jiyva

Shops:
D:11 (   Orc:2 [([[***(   Elf:3 :=:   Vaults:2 (!*   Vaults:3 ::

Portals:
Hell: Depths:1 Depths:2 Depths:3 Depths:4
Abyss: Depths:3
Pandemonium: Depths:1 Depths:2
Ziggurat: Depths:3

Annotations:
Depths:1 3 runed translucent doors


Innate Abilities, Weirdness & Mutations

You are amphibious.
You cover ground slowly.
You can hop long distances.
You have an extended range of vision and can be seen from far away.
You have an increased reservoir of magic. (+10% MP)
You are somewhat resistant to further mutation.


Message History

You see here a +0 hat.
You chop the lorocyproca into pieces!!! You burn the lorocyproca.
The lorocyproca is almost dead.
You block the lorocyproca's attack.
You slice the lorocyproca!! You burn the lorocyproca.
You kill the lorocyproca!
Cheibriados appreciates the change of pace.
(D) Dungeon (T) Temple (L) Lair (S) Swamp (N) Spider Nest (M) Slime Pits (O) Orcish Mines (E) Elven Halls (V) Vaults (C) Crypt (W) Tomb (U) Depths (H) Hell (Z) Zot
Where to? (Enter - D:2, ? - help)
A reaper comes into view. It is wielding a +1 heavy scythe.
The reaper moves out of view.
You see here a +0 club.
There is a stone staircase leading up here.
You climb upwards.
There is a stone staircase leading down here.
Done exploring.
Done exploring.
Done exploring.
(D) Dungeon (T) Temple (L) Lair (S) Swamp (N) Spider Nest (M) Slime Pits (O) Orcish Mines (E) Elven Halls (V) Vaults (C) Crypt (W) Tomb (U) Depths (H) Hell (Z) Zot
Where to? (Enter - D:2, ? - help)
You see here a +0 robe.
There is a stone staircase leading up here.
You climb upwards.
There is a stone staircase leading down here.
(D) Dungeon (T) Temple (L) Lair (S) Swamp (N) Spider Nest (M) Slime Pits (O) Orcish Mines (E) Elven Halls (V) Vaults (C) Crypt (W) Tomb (U) Depths (H) Hell (Z) Zot
Where to? (Enter - D:1, ? - help)
Okay, then.
You see here a +0 club.
There is an open door here.
There is a staircase leading out of the dungeon here.
You have escaped!

####.#...#.#...#.......# #.# #
#.#.###.#.###.......########.#
####.#.....#....................#
#....##########################.#
.................................
#.###########.............#####.#
#...........#.#####.#####.# #.#
###########...#...#.#...#.# #.#
..............#.@.'.#.>.#.#####+#
###########.#.#...#.#...#.#......
# #...#####.##'##........ #
###.................... #
#.##'##.#####.#......
#############.#...#.#...#.#......
#.........##..#...#.'...#.#......
..............#...#.#...#.#......
..........###.#####.#####.#......


There were no monsters in sight!

Vanquished Creatures
  the Royal Jelly (Slime:5)
  Dissolution (Slime:4)
  10 dread liches
  3 orbs of fire
  Mennas (Depths:4)
  Mara (Vaults:5)
  10 ancient liches
  The ghost of Rifisioch the Wrestler, a veteran TrCK of Xom (Zot:4)
  Vv (Zot:3)
  Frederick (Vaults:3)
  7 Killer Klowns
  Xtahua (Depths:4)
  3 curse toes
  A caustic shrike (Depths:1)
  10 golden dragons
  2 bone dragons
  Nikola (Spider:1)
  Arachne (Spider:2)
  A Tzitzimitl (D:8)
  3 electric golems (Zot:5)
  2 walking crystal tomes (Zot:1)
  10 liches
  16 tentacled monstrosities
  27 Orb Guardians
  2 quicksilver dragons
  Rupert (Vaults:3)
  A shard shrike skeleton (Crypt:1)
  An Ice Fiend (Depths:2)
  2 deep elf blademasters (Elf:3)
  5 titans
  Asterion (Spider:1)
  2 walking frostbound tomes
  2 deep elf master archers (Elf:3)
  Gastronok (Lair:2)
  6 sphinxes
  An eldritch tentacle (WizLab)
  A kraken (Swamp:3)
  9 death cobs
  28 acid blobs
  7 storm dragons
  The ghost of epsilonplus the Warrior, an adept MiHu of Gozag (Swamp:2)
  9 ancient champions
  2 thorn hunters
  15 shadow dragons
  Agnes (Vaults:3)
  Kirke (Swamp:4)
  13 tengu reavers
  Roxanne (Spider:1)
  Donald (Spider:1)
  6 azure jellies
  4 draconian knights
  4 fenstrider witches
  2 revenants
  10 frost giants
  A nargun (Zot:1)
  6 fire giants
  3 draconian monks
  10 deep elf sorcerers
  19 rockslimes
  7 ghost moths
  2 imperial myrmidons (Desolation)
  5 emperor scorpions
  21 vault wardens
  12 draconian scorchers
  5 draconian stormcallers
  5 orc warlords
  8 draconian shifters
  5 deep elf elementalists (Elf:3)
  5 cacodemons
  Aizul (Swamp:4)
  2 curse skulls
  6 spriggan defenders
  4 angels
  15 ironbound preservers
  18 quicksilver oozes
  6 ghouls
  4 reapers
  11 draconian annihilators
  7 broodmothers
  17 stone giants
  9 ironbound thunderhulks
  4 eleionomae
  7 war gargoyles
  31 very ugly things
  The ghost of pigah the Black Belt, a journeyman OpWn of Gozag (Lair:4)
  Nessos (Lair:5)
  13 purple draconians
  Azrael (D:14)
  4 bunyips
  7 vampire knights
  13 green draconians
  3 lorocyprocas
  4 spark wasps
  13 yellow draconians
  16 black draconians
  5 deep elf annihilators (Elf:3)
  9 white draconians
  17 red draconians
  7 deep elf demonologists
  10 eidola
  10 dire elephants
  3 green deaths
  4 crystal guardians (Desolation)
  14 deep elf death magi
  Josephine (Spider:1)
  15 yaktaur captains
  2 blizzard demons
  7 entropy weavers
  3 mummy priests
  11 ettins
  11 fire dragons
  6 jiangshi
  A quicksilver dragon zombie (Depths:1)
  7 deep elf high priests
  9 ragged hierophants (Desolation)
  A shambling mangrove (Swamp:4)
  A great orb of eyes (shapeshifter) (Vaults:1)
  10 great orbs of eyes
  6 rakshasas
  7 servants of whispers (Desolation)
  Erolcha (D:10)
  44 vault guards
  22 hydras
  A salamander tyrant (Depths:2)
  8 peacekeepers
  A jorogumo (Spider:3)
  4 hell beasts
  12 ice dragons
  8 ironbound frosthearts
  5 spriggan air magi
  A radroach (Spider:4)
  2 death knights (Crypt:2)
  2 ghost crabs (Swamp:2)
  2 catoblepae
  11 boulder beetles
  9 centaur warriors
  A boulder beetle (shapeshifter) (Elf:3)
  38 dancing weapons
  13 tengu warriors
  11 deep troll earth magi
  2 two-headed ogres
  3 death scarabs
  6 vampire magi
  3 death yaks (Lair:5)
  4 deep troll shamans
  13 alligators
  A hell hog (Depths:3)
  Urug (D:13)
  5 orc high priests
  5 soul eaters
  3 thrashing horrors
  18 deep elf knights
  10 spriggan berserkers
  7 hell knights (Vaults:5)
  A skyshark (Lair:2)
  3 sixfirhies
  2 titan skeletons (Crypt:3)
  The ghost of Maxmaps the Ducker, a novice GnMo (D:7)
  3 shadow wraiths
  A sun moth (Spider:4)
  14 skeletal warriors
  9 iron trolls
  A sun demon (Depths:1)
  A death drake (shapeshifter) (Depths:3)
  7 flayed ghosts
  A salamander mystic (Depths:4)
  10 pharaoh ants
  A storm dragon skeleton (Crypt:3)
  A skyshark (shapeshifter) (Vaults:5)
  6 goliath frogs
  An orb spider (shapeshifter) (Depths:4)
  6 spriggan druids
  9 orb spiders
  10 deep elf archers
  4 glowing orange brains
  An obsidian statue (WizLab)
  8 swamp dragons
  22 ironbound convokers
  9 phantasmal warriors
  11 orc knights
  16 wizards
  13 bog bodies
  50 deep trolls
  3 lindwurms
  8 steelbarb worms
  An orange crystal statue (Depths:1)
  3 necromancers
  6 orc sorcerers
  Pikel (D:7)
  21 wolf spiders
  29 deep elf pyromancers
  28 deep elf zephyrmancers
  2 will-o-the-wisps
  7 cyclopes
  A tengu skeleton (WizLab)
  A goliath frog skeleton (Crypt:2)
  71 ugly things
  5 manticores
  7 shining eyes
  A sphinx skeleton (Vaults:2)
  4 salamanders (Depths:4)
  A stone giant skeleton (WizLab)
  20 elephants
  3 guardian serpents
  31 moths of wrath
  18 vault sentinels
  7 black mambas
  8 torpor snails
  Joseph (Lair:1)
  7 orange demons
  A hellion (Depths:2)
  A rust devil (Depths:1)
  9 cane toads
  2 molten gargoyles
  A titan simulacrum (Depths:1)
  4 smoke demons
  15 demonic crawlers
  An eye of devastation (Slime:3)
  A grey draconian zombie (Crypt:2)
  Maggie (D:6)
  An alligator snapping turtle zombie (Crypt:1)
  A yaktaur zombie (Vaults:2)
  4 rime drakes
  6 komodo dragons
  40 yaktaurs
  2 demonspawn skeletons (WizLab)
  2 efreet
  2 tormentors (Depths:2)
  2 freezing wraiths (Vaults:5)
  An unseen horror (D:10)
  3 tengu conjurers
  2 ancient zymes (WizLab)
  A spark wasp simulacrum (Depths:1)
  A minotaur skeleton (Crypt:3)
  2 red devils
  9 guardian mummies (Crypt:3)
  9 trolls
  A green draconian skeleton (Crypt:2)
  A meliai (shapeshifter) (Depths:1)
  A wind drake (WizLab)
  23 hornets
  6 meliai
  A queen bee (Lair:4)
  A merfolk (shapeshifter) (Depths:1)
  A hellwing (WizLab)
  7 polar bears
  34 tarantellas
  59 saltlings (Desolation)
  8 dream sheep
  23 blink frogs
  A satyr zombie (Crypt:3)
  A raiju (WizLab)
  A tarantella zombie (Crypt:1)
  9 tyrant leeches
  3 centaur simulacra (D:11)
  22 jumping spiders
  Sigmund (D:6)
  A spriggan (shapeshifter) (Vaults:5)
  143 slime creatures
  9 flying skulls
  An ettin skeleton (Crypt:3)
  33 yaks
  11 water elementals
  3 shadows (Swamp:4)
  19 spriggans
  7 air elementals
  5 fire elementals
  9 wraiths
  21 culicivoras
  A vampire (D:13)
  4 hogs (Swamp:4)
  2 wyverns
  A ynoxinul (D:13)
  An elf zombie (Vaults:2)
  3 starcursed masses (WizLab)
  A wind drake skeleton (Crypt:2)
  8 basilisks
  Grum (D:9)
  A basilisk (shapeshifter) (D:15)
  2 large abominations
  5 golden eyes
  18 vampire mosquitoes
  4 steam dragons
  61 redbacks
  A redback (shapeshifter) (D:15)
  Menkaure (D:4)
  18 swamp worms
  3 wargs (Orc:2)
  5 spatial vortices (WizLab)
  A swamp worm (shapeshifter) (Vaults:5)
  5 hell hounds (D:14)
  13 water moccasins
  A glowing shapeshifter skeleton (Depths:1)
  Duvessa (D:4)
  3 sky beasts
  A floating eye (shapeshifter) (Vaults:5)
  A floating eye (Depths:3)
  3 black bears
  46 orc warriors
  A cane toad skeleton (Crypt:2)
  2 swamp drakes
  6 ice beasts
  11 ogres
  9 wolves
  A boggart (shapeshifter) (Depths:2)
  12 centaurs
  A phantom (D:4)
  12 bullfrogs
  A rime drake skeleton (Crypt:2)
  A kobold brigand (D:9)
  3 earth elementals
  2 gnoll sergeants
  6 scorpions
  A necrophage (Crypt:2)
  A glowing shapeshifter simulacrum (Depths:1)
  13 wights
  Dowan (D:4)
  A polar bear zombie (Crypt:1)
  A shapeshifter zombie (Crypt:2)
  35 killer bees
  A shapeshifter skeleton (WizLab)
  3 electric eels
  2 howler monkeys
  Crazy Yiuf (D:3)
  14 orc priests
  3 hounds
  6 jellies
  A jelly (shapeshifter) (Vaults:5)
  A small abomination (WizLab)
  A gnoll bouda (D:9)
  4 iguanas
  35 orc wizards
  2 sleepcaps
  5 hell rats (Lair:3)
  An ogre zombie (Crypt:1)
  A boggart simulacrum (D:11)
  14 gnolls
  14 adders
  A river rat (Sewer)
  A steam dragon zombie (Crypt:2)
  3 shadow imps
  4 white imps
  4 ufetubi
  An iguana zombie (Crypt:2)
  A jelly zombie (Crypt:3)
  A worm zombie (Crypt:2)
  4 worms
  3 dart slugs
  104 orcs
  A bat zombie (Crypt:1)
  13 endoplasms
  12 giant cockroaches
  18 goblins
  14 hobgoblins
  6 jackals (D:1)
  17 kobolds
  2 quokkas (D:1)
  10 ball pythons
  A ball python skeleton (Crypt:1)
  5 frilled lizards
  A jackal skeleton (Crypt:1)
  A kobold zombie (Crypt:3)
  9 rats
  A rat skeleton (Crypt:1)
  9 briar patches (Swamp:1)
  4 tentacles (Swamp:3)
2845 creatures vanquished.

Vanquished Creatures (others)
  A reaper (Depths:2)
  A vampire knight (Depths:2)
  A deep elf knight (Elf:2)
  A wizard (Depths:1)
  A deep elf zephyrmancer (Elf:2)
  A moth of wrath (Spider:4)
  A bloated husk (Swamp:3)
  A tarantella (Spider:1)
  A redback (Spider:1)
  An electric eel (D:13)
  2 orcs (D:7)
  A briar patch (Swamp:1)
  17 foxfires
  36 fungi
  55 plants
  5 tentacles (Swamp:3)
  2 withered plants (D:7)
128 creatures vanquished.

Grand Total: 2973 creatures vanquished

Notes
Turn   | Place    | Note
-------+----------+-------------------------------------------
     0 | D:1      | cforsyth the Barachi Fighter began the quest for the Orb.
     0 | D:1      | Reached XP level 1. HP: 18/18 MP: 1/1
   139 | D:1      | Reached XP level 2. HP: 19/24 MP: 2/2
   312 | D:1      | Reached XP level 3. HP: 29/29 MP: 3/3
  1017 | D:2      | Reached XP level 4. HP: 34/36 MP: 4/4
  1238 | D:2      | Found an ancient bone altar of Kikubaaqudgha.
  1445 | D:2      | Reached skill level 5 in Axes
  1920 | D:2      | Reached XP level 5. HP: 37/41 MP: 5/5
  2312 | D:3      | Found a runed translucent door.
  2313 | D:3      | Noticed Crazy Yiuf
  2587 | D:4      | Found a shimmering blue altar of Sif Muna.
  2903 | D:4      | Reached XP level 6. HP: 47/47 MP: 6/6
  2903 | D:4      | Noticed Menkaure
  2911 | D:4      | Noticed a black bear
  2917 | D:4      | Noticed Duvessa
  2917 | D:4      | Noticed Dowan
  2937 | D:4      | Killed Duvessa
  2960 | D:4      | Killed a black bear
  3080 | D:4      | Reached XP level 7. HP: 47/52 MP: 7/7
  3434 | D:4      | You fall into a shaft and drop 1 floor!
  3434 | D:5      | Entered Level 5 of the Dungeon
  3521 | D:5      | Found a glowing drain.
  3529 | Sewer    | Entered a sewer
  3878 | Sewer    | Reached XP level 8. HP: 47/59 MP: 8/8
  3895 | Sewer    | Found a viscous altar of Jiyva.
  3972 | Sewer    | Reached skill level 10 in Axes
  4438 | D:5      | Found a staircase to the Ecumenical Temple.
  4458 | Temple   | Entered the Ecumenical Temple
  4558 | Temple   | Became a worshipper of Cheibriados the Contemplative
  4742 | D:4      | Killed Menkaure
  4758 | D:4      | Identified the ring "Mymur" {rF+ Str+4}
  4929 | D:4      | Killed Dowan
  5281 | D:5      | Found a burning altar of Makhleb.
  5551 | D:6      | Noticed Maggie
  5832 | D:6      | Reached XP level 9. HP: 44/64 MP: 9/9
  5943 | D:6      | Killed Maggie
  6127 | D:6      | Found a hazy altar of Hepliaklqana.
  6148 | D:6      | Found an ancient bone altar of Kikubaaqudgha.
  6221 | D:6      | Noticed Sigmund
  6231 | D:6      | Killed Sigmund
  7233 | D:3      | Killed Crazy Yiuf
  7401 | D:4      | Reached * piety under Cheibriados
  8797 | D:7      | Noticed Pikel
  8802 | D:7      | Killed Pikel
  8838 | D:7      | Reached XP level 10. HP: 26/70 MP: 10/10
  8840 | D:7      | Reached skill level 15 in Axes
  9268 | D:7      | Found a runed translucent door.
  9272 | D:7      | Noticed Maxmaps's ghost (novice GnMo)
  9283 | D:7      | Reached ** piety under Cheibriados
 10174 | D:8      | Noticed a manticore
 10181 | D:8      | Killed a manticore
 10264 | D:8      | Found a glowing silver altar of Zin.
 10943 | D:8      | Reached *** piety under Cheibriados
 11304 | D:8      | Reached skill level 1 in Dodging
 12583 | D:9      | Reached skill level 5 in Fighting
 12583 | D:9      | Reached skill level 5 in Armour
 12705 | D:9      | Noticed Grum
 12711 | D:9      | Reached **** piety under Cheibriados
 12712 | D:9      | Reached XP level 11. HP: 65/80 MP: 11/11
 12712 | D:9      | Killed Grum
 12791 | D:9      | Noticed a two-headed ogre
 12799 | D:9      | Killed a two-headed ogre
 13170 | D:10     | Entered Level 10 of the Dungeon
 13493 | D:10     | Noticed Erolcha
 13508 | D:10     | Killed Erolcha
 13509 | D:10     | Reached skill level 5 in Dodging
 14989 | D:11     | Reached ***** piety under Cheibriados
 15110 | D:11     | Found a staircase to the Lair.
 15430 | D:11     | Found Luekhleni's Antique Weapon Boutique.
 15448 | D:11     | Noticed a two-headed ogre
 15453 | D:11     | Killed a two-headed ogre
 15490 | D:11     | Noticed a cyclops
 15499 | D:11     | Killed a cyclops
 15592 | D:11     | Identified the +1 robe of Lilacs {*Slow rPois Regen+ Int+7
                  | Stlth+}
 15951 | D:12     | Reached XP level 12. HP: 94/94 MP: 12/12
 16655 | Lair:1   | Entered Level 1 of the Lair of Beasts
 16656 | Lair:1   | Noticed Joseph
 17085 | Lair:1   | Killed Joseph
 17978 | Lair:1   | Identified the +2 helmet "Edauff" {rElec Regen+}
 18254 | Lair:2   | Reached skill level 10 in Armour
 18262 | Lair:2   | Reached skill level 10 in Fighting
 18290 | Lair:2   | Noticed Gastronok
 18290 | Lair:2   | Noticed a boulder beetle
 18337 | Lair:2   | Killed Gastronok
 18351 | Lair:2   | Killed a boulder beetle
 18526 | Lair:2   | Found a hole to the Spider Nest.
 18538 | Lair:2   | Reached ****** piety under Cheibriados
 18592 | Lair:2   | Gained mutation: You can hop long distances. [Barachi
                  | growth]
 18592 | Lair:2   | Reached XP level 13. HP: 104/104 MP: 13/13
 18787 | Lair:2   | Found a staircase to the Swamp.
 19989 | Lair:3   | Reached skill level 10 in Dodging
 20017 | Lair:3   | Identified the +2 falchion of the Exiled Bones {elec,
                  | rCorr}
 20222 | Lair:4   | Found a viscous altar of Jiyva.
 20272 | Lair:5   | Entered Level 5 of the Lair of Beasts
 20772 | Lair:5   | Reached XP level 14. HP: 97/116 MP: 14/14
 20982 | Lair:5   | Noticed a dire elephant
 20992 | Lair:5   | Killed a dire elephant
 21305 | Lair:5   | Noticed Nessos
 21333 | Lair:5   | HP: 3/118 [Nessos/arrow (6)]
 21334 | Lair:4   | HP: 1/118 [poisoned by Nessos]
 21401 | Lair:5   | Killed Nessos
 21754 | Lair:4   | Found a staircase to the Slime Pits.
 22207 | D:10     | Found a staircase to the Orcish Mines.
 22277 | Orc:1    | Entered Level 1 of the Orcish Mines
 22690 | Orc:1    | Noticed an orc warlord
 22708 | Orc:1    | Killed an orc warlord
 22903 | Orc:2    | Entered Level 2 of the Orcish Mines
 23108 | Orc:2    | Noticed an orc warlord
 23124 | Orc:2    | Killed an orc warlord
 23350 | Orc:2    | Found Ugraef's General Store.
 23350 | Orc:2    | Found a staircase to the Elven Halls.
 23425 | Orc:2    | Found Mium Few's Weapon Shop.
 23434 | Orc:2    | Found Lohiam's Assorted Antiques.
 23435 | Orc:2    | Paralysed by an orc sorcerer for 5 turns
 23468 | Orc:2    | Bought a scroll labelled KOYMEATEXT for 34 gold pieces
 23508 | Orc:2    | Found Noafuoh's Antique Armour Shoppe.
 23558 | Orc:2    | Found Jeim's Armour Boutique.
 23654 | Orc:2    | Found Kuoxywn's Antique Armour Emporium.
 23657 | Orc:2    | Found Qyecw's Antique Weapon Shoppe.
 23820 | Orc:2    | Found Juvvaol's General Store.
 24103 | D:7      | Killed Maxmaps's ghost
 24433 | D:13     | Reached XP level 15. HP: 124/127 MP: 15/15
 24704 | D:13     | Noticed Urug
 24714 | D:13     | Killed Urug
 25291 | D:14     | Reached skill level 15 in Armour
 25302 | D:14     | Reached skill level 15 in Fighting
 25354 | D:14     | Noticed Azrael
 25363 | D:14     | Killed Azrael
 25535 | D:14     | Found a gate to the Vaults.
 25715 | D:14     | Reached skill level 5 in Shields
 26053 | D:15     | Entered Level 15 of the Dungeon
 26305 | D:15     | Reached XP level 16. HP: 130/138 MP: 16/16
 26415 | D:15     | Found a staircase to the Depths.
 26532 | D:15     | Found a hide-covered altar of Uskayaw.
 26896 | Spider:1 | Entered Level 1 of the Spider Nest
 27358 | Spider:1 | Noticed Roxanne
 27559 | Spider:1 | Noticed Josephine
 27564 | Spider:1 | Killed Josephine
 27614 | Spider:1 | Noticed Asterion
 27623 | Spider:1 | Noticed an Executioner
 27627 | Spider:1 | Killed Asterion
 28138 | Spider:1 | Reached skill level 10 in Shields
 28489 | Spider:2 | Noticed Donald
 28540 | Spider:1 | Killed Donald
 29333 | Spider:2 | Reached skill level 1 in Spellcasting
 29511 | Spider:2 | Found a runed translucent door.
 29928 | Spider:2 | Reached skill level 5 in Spellcasting
 30106 | Spider:2 | Noticed Arachne
 30124 | Spider:2 | Killed Arachne
 30228 | Spider:1 | Identified the +1 pair of gloves of the Zebra {rF- Str+5
                  | Stlth+}
 30228 | Spider:1 | Noticed Nikola
 30370 | Spider:1 | Killed Nikola
 30371 | Spider:1 | Reached XP level 17. HP: 73/144 MP: 26/28
 30649 | Spider:1 | Killed Roxanne
 31578 | Spider:4 | Entered Level 4 of the Spider Nest
 32003 | Spider:3 | Reached skill level 10 in Spellcasting
 34352 | Spider:4 | Reached XP level 18. HP: 135/151 MP: 35/35
 34596 | Spider:4 | Identified the +2 pair of boots of Weirdness {rN+++ Str+4
                  | Int-4 Dex-2}
 34613 | Spider:4 | Got a gossamer rune of Zot
 34840 | Swamp:1  | Entered Level 1 of the Swamp
 35475 | Swamp:1  | Reached skill level 15 in Spellcasting
 35781 | Swamp:2  | Noticed a tentacled monstrosity
 35805 | Swamp:2  | Killed a tentacled monstrosity
 36069 | Lair:4   | Found a runed translucent gate.
 36071 | Lair:4   | Found a runed translucent gate.
 36072 | Lair:4   | Found a runed translucent gate.
 36075 | Lair:4   | Noticed pigah's ghost (journeyman OpWn)
 36531 | Lair:4   | Killed pigah's ghost
 36808 | Orc:2    | Bought a scroll of identify for 24 gold pieces
 36808 | Orc:2    | Bought a scroll of identify for 24 gold pieces
 36809 | Orc:2    | Identified 2 scrolls of acquirement
 36813 | Orc:2    | Acquired the Anthology of Reformed Spellbinding
 36816 | Orc:2    | Acquired the +7 tower shield "Hioheffo" {rElec Str+2 Int+5}
 37036 | Swamp:2  | Found a runed translucent door.
 37435 | Swamp:2  | Learned a level 2 spell: Blink
 37438 | Swamp:2  | Learned a level 2 spell: Wereblood
 37809 | Swamp:2  | Noticed epsilonplus's ghost (adept MiHu)
 38530 | Swamp:3  | Reached XP level 19. HP: 157/157 MP: 38/38
 39090 | Swamp:4  | Entered Level 4 of the Swamp
 39141 | Swamp:4  | Identified the amulet of Gouqoa {Reflect Str+4 Dex+3 SH+5}
 39200 | Swamp:4  | Acquired Pag Dito's Meditations on Arcane Weapons and
                  | Aeromancy
 39211 | Swamp:4  | Noticed Aizul
 39228 | Swamp:4  | Killed Aizul
 39302 | Swamp:4  | Reached skill level 15 in Shields
 40378 | Swamp:4  | Noticed Kirke
 40622 | Swamp:4  | Killed Kirke
 40969 | Swamp:4  | Got a decaying rune of Zot
 41381 | Vaults:1 | Entered Level 1 of the Vaults
 41421 | Vaults:1 | Found a glowing golden altar of the Shining One.
 41425 | Vaults:1 | Found a white marble altar of Elyvilon.
 41426 | Vaults:1 | Found a crumbling gateway.
 41438 | Vaults:1 | Found a glowing silver altar of Zin.
 41505 | Desolati | Entered the Desolation of Salt
 41841 | Desolati | Identified the ring of Saoff {+Blink rC+ Dex+6 Slay+3}
 41844 | Desolati | Identified the ring "Issosch" {rC+++ MP+9 Str+3 Stlth+}
 41849 | Desolati | Got the Information on Overcast Transmutation
 42129 | Desolati | Reached XP level 20. HP: 140/164 MP: 39/39
 42138 | Desolati | Got the Enchiridion on Quantum Accelerants
 42144 | Desolati | Learned a level 4 spell: Manifold Assault
 42149 | Desolati | Identified the +3 mace of Forgiveness {flame, rF++ Int+4
                  | Dex+2}
 42270 | Desolati | Reached skill level 1 in Translocations
 42295 | Desolati | Identified the amulet of Bagick {Acrobat Rampage rPois rC-
                  | Regen+}
 42316 | Desolati | Identified the +0 plate armour of Plasticity {rC- rCorr
                  | MP+9}
 42322 | Desolati | Got Vehumet's Discursus on Hurting
 42337 | Desolati | Identified the +11 shortbow "Spiderbane" {antimagic, +Blink
                  | rPois rF+ rN+}
 42563 | Vaults:1 | Reached skill level 5 in Translocations
 43422 | Vaults:2 | Found Ribullel's General Store.
 43681 | Vaults:2 | Found Yvum's Antique Weapon Boutique.
 43690 | Vaults:2 | Found Okhloj's Distillery.
 43707 | Vaults:2 | Reached skill level 10 in Translocations
 43959 | Vaults:2 | Identified the +6 hand axe of the Endless Expanse {drain,
                  | rF+}
 44661 | Vaults:3 | Found Ulut's Book Shoppe.
 44705 | Vaults:3 | Found a gateway to a bazaar.
 44719 | Bazaar   | Entered a bazaar
 44725 | Bazaar   | Found Umpiosei's Antique Weapon Shop.
 44739 | Bazaar   | Found Cyetouph's Book Boutique.
 44753 | Bazaar   | Found Ferienoat's Assorted Antiques.
 44762 | Bazaar   | Bought a scroll of enchant armour for 135 gold pieces
 44767 | Bazaar   | Found Zeatauh's Magic Scroll Boutique.
 44776 | Bazaar   | Bought a scroll of acquirement for 728 gold pieces
 44780 | Bazaar   | Acquired 952 gold pieces
 44784 | Bazaar   | Bought a scroll of teleportation for 42 gold pieces
 44784 | Bazaar   | Bought a scroll of fog for 56 gold pieces
 44784 | Bazaar   | Bought a scroll of fog for 56 gold pieces
 44789 | Bazaar   | Found Exaithos's Distillery.
 44798 | Bazaar   | Bought 2 potions of magic for 192 gold pieces
 44798 | Bazaar   | Bought a potion of heal wounds for 60 gold pieces
 44798 | Bazaar   | Bought a potion of heal wounds for 60 gold pieces
 44798 | Bazaar   | Bought a potion of brilliance for 48 gold pieces
 44798 | Bazaar   | Bought a potion of might for 48 gold pieces
 44798 | Bazaar   | Bought a potion of might for 48 gold pieces
 44798 | Bazaar   | Bought a potion of berserk rage for 60 gold pieces
 44803 | Bazaar   | Found Maj Liel's General Store.
 44913 | Bazaar   | Bought a book of the Moon for 440 gold pieces
 45000 | Vaults:3 | Learned a level 2 spell: Lesser Beckoning
 45005 | Vaults:3 | Learned a level 4 spell: Passage of Golubria
 45010 | Vaults:3 | Learned a level 4 spell: Iskenderun's Mystic Blast
 45093 | Vaults:3 | Reached skill level 1 in Transmutations
 45101 | Vaults:3 | Identified the +10 war axe of the Thoughtful Knives {flame,
                  | rC+ rN+ Int+3}
 45102 | Vaults:3 | Reached XP level 21. HP: 170/170 MP: 40/40
 45118 | Vaults:3 | Noticed Agnes
 45129 | Vaults:3 | Killed Agnes
 45135 | Vaults:3 | Noticed Rupert
 45141 | Vaults:3 | Reached skill level 5 in Transmutations
 45146 | Vaults:3 | Killed Rupert
 45612 | Vaults:3 | Found Hikhlob's Book Boutique.
 46224 | Vaults:3 | Found a staircase to the Crypt.
 46367 | Vaults:3 | Noticed Frederick
 46378 | Vaults:3 | Killed Frederick
 46389 | Vaults:3 | Reached skill level 15 in Dodging
 47168 | Vaults:4 | Found a portal to a secret trove of treasure.
 47365 | Vaults:4 | Reached XP level 22. HP: 182/182 MP: 41/41
 48214 | Elf:1    | Entered Level 1 of the Elven Halls
 48443 | Elf:1    | Identified the +1 leather armour of Masochism {Str+4}
 49524 | Elf:1    | Paralysed by an air elemental for 1 turns
 49527 | Elf:1    | Paralysed by an air elemental for 1 turns
 49700 | Elf:1    | Got the Almanac of Cooperative Violence
 49796 | Elf:2    | Paralysed by an air elemental for 1 turns
 49802 | Elf:2    | Paralysed by an air elemental for 1 turns
 49920 | Elf:2    | Found a runed translucent gate.
 49920 | Elf:2    | Found a runed translucent gate.
 49920 | Elf:2    | Found a runed translucent gate.
 51226 | Elf:3    | Entered Level 3 of the Elven Halls
 51407 | Elf:3    | Found an ancient bone altar of Kikubaaqudgha.
 51916 | Elf:3    | Identified the +1 plate armour "Ykurevih" {Rampage}
 52201 | Elf:3    | Identified the +6 chain mail of Jouxt {-Cast rPois Dex+4}
 52341 | Elf:3    | Identified the +0 mace "Vaheux" {vamp, Int+7 Stlth-}
 52342 | Elf:3    | Reached XP level 23. HP: 192/192 MP: 17/42
 52351 | Elf:3    | Identified the +2 robe of the Old and Reckless {rC++ rN+
                  | Regen+ Str-5}
 52353 | Elf:3    | Identified the +2 robe of the Pink Corner {rC+}
 52353 | Elf:3    | Identified the amulet of Reodot {Spirit +Blink rCorr SInv}
 52374 | Elf:3    | Identified the +4 spear of Pumeots {freeze, rCorr}
 52778 | Elf:3    | Found Xymn's Book Shop.
 52779 | Elf:3    | Found Hamegiq's Jewellery Emporium.
 52781 | Elf:3    | Found Amo Web's Book Shop.
 54096 | Crypt:1  | Entered Level 1 of the Crypt
 55924 | Crypt:2  | Found a transporter.
 56246 | Crypt:2  | Found a transporter.
 56469 | Crypt:2  | Noticed a dread lich
 56475 | Crypt:2  | Gained mutation: Your magical capacity is low. (-10% MP) [a
                  | cacodemon]
 56483 | Crypt:2  | Killed a dread lich
 56485 | Crypt:2  | Gained mutation: You are dopey. (Int -2) [a cacodemon]
 56853 | Crypt:2  | Gained mutation: You do not regenerate when monsters are
                  | visible. [a cacodemon]
 57119 | Crypt:2  | Identified the amulet "Achouri" {RegenMP Int+3 Dex+4}
 57148 | Crypt:2  | Identified the amulet of Kiduenysat {Reflect +Inv SH+5}
 57270 | Crypt:3  | Entered Level 3 of the Crypt
 57321 | Crypt:3  | Found a magical portal.
 57331 | WizLab   | Entered The Roulette of Golubria
 57331 | WizLab   | Found a transporter.
 57336 | WizLab   | Found a corrupted altar of Lugonu.
 57379 | WizLab   | Found a transporter.
 57383 | WizLab   | Found a transporter.
 57413 | WizLab   | Found a transporter.
 57551 | WizLab   | Found a transporter.
 57559 | WizLab   | Found a transporter.
 57562 | WizLab   | Found a corrupted altar of Lugonu.
 57567 | WizLab   | Found a transporter.
 57588 | WizLab   | Found a transporter.
 57617 | WizLab   | Found a transporter.
 57659 | WizLab   | Found a transporter.
 57725 | WizLab   | Paralysed by an air elemental for 1 turns
 57732 | WizLab   | Found a transporter.
 57851 | WizLab   | Found a transporter.
 57851 | WizLab   | Found a transporter.
 57951 | WizLab   | Found a transporter.
 57951 | WizLab   | Found a transporter.
 58014 | WizLab   | Found a transporter.
 58014 | WizLab   | Found a corrupted altar of Lugonu.
 58144 | WizLab   | Found a transporter.
 58373 | WizLab   | Got Golubria's Book of the Geodesic
 58376 | WizLab   | Identified the +5 cloak of Miracles {rPois rN+ Slay-4}
 58389 | WizLab   | Identified the +0 cloak "Damnable Contraption" {rElec
                  | Slay+2}
 58402 | WizLab   | Identified the +0 cloak "Onipikle" {Will+ Int+3}
 58428 | WizLab   | Found a transporter.
 58428 | WizLab   | Found a transporter.
 58638 | WizLab   | Got Golubria's Papyrus of Position
 58661 | WizLab   | Found a transporter.
 59189 | Crypt:3  | Reached XP level 24. HP: 202/202 MP: 29/38
 60075 | Crypt:3  | Found a staircase to the Tomb.
 60126 | Crypt:3  | Noticed a dread lich
 60126 | Crypt:3  | Noticed a dread lich
 60126 | Crypt:3  | Noticed a dread lich
 60526 | Crypt:3  | Killed a dread lich
 60540 | Crypt:3  | Killed a dread lich
 60632 | Crypt:3  | Killed a dread lich
 60787 | Crypt:3  | Identified the ring "Pulohoum" {Str-4 Int+5 Dex+6}
 61248 | Slime:1  | Entered Level 1 of the Pits of Slime
 61256 | Slime:1  | Gained mutation: Your spells are a little easier to cast,
                  | but a little less powerful. [a shining eye]
 62640 | Slime:2  | Gained mutation: You sometimes lose your temper in combat.
                  | [a shining eye]
 63996 | Slime:4  | Noticed Dissolution
 64002 | Slime:4  | Killed Dissolution
 65884 | Slime:5  | Entered Level 5 of the Pits of Slime
 66076 | Slime:5  | Noticed the Royal Jelly
 67171 | Slime:5  | Killed the Royal Jelly
 67172 | Slime:5  | Reached XP level 25. HP: 213/213 MP: 27/38
 67966 | Slime:5  | Identified the ring "Jeogigeavi" {Fly rElec rPois Str+4}
 67970 | Slime:5  | Got a slimy rune of Zot
 68023 | Slime:5  | Identified the +4 steam dragon scales of Insatiable Hunger
                  | {rElec rN++ MP-9 Slay+3}
 68024 | Slime:5  | Identified the +1 hand axe of Woski {pain, rPois rC+ Str+6
                  | Int-2}
 68043 | Slime:5  | Identified the +1 helmet "Moys" {+Blink Will+ Dex+3}
 68049 | Slime:5  | Identified the ring "Joux" {rPois Dex+3 SInv}
 68794 | Vaults:4 | You showed the slimy rune of Zot to enter a treasure trove
 68795 | Trove    | Entered a treasure trove
 68798 | Trove    | Found the +27 heavy crossbow "Sniper" {heavy, Acc+∞ SInv}
 68801 | Trove    | Identified the +3 war axe "Hoigetel" {pain, rF- rN+ rCorr
                  | Int+3}
 68843 | Vaults:4 | Lost mutation: You do not regenerate when monsters are
                  | visible. [potion of mutation]
 68843 | Vaults:4 | Lost mutation: You sometimes lose your temper in combat.
                  | [potion of mutation]
 68843 | Vaults:4 | Lost mutation: Your spells are a little easier to cast, but
                  | a little less powerful. [potion of mutation]
 68843 | Vaults:4 | Gained mutation: Armour fits poorly on your strangely
                  | shaped body. [potion of mutation]
 68844 | Vaults:4 | Lost mutation: You are dopey. (Int -2) [potion of mutation]
 68844 | Vaults:4 | Lost mutation: Armour fits poorly on your strangely shaped
                  | body. [potion of mutation]
 68844 | Vaults:4 | Gained mutation: Armour fits poorly on your strangely
                  | shaped body. [potion of mutation]
 68844 | Vaults:4 | Gained mutation: You have hidden genetic potential. [potion
                  | of mutation]
 68845 | Vaults:4 | Lost mutation: Your magical capacity is low. (-10% MP)
                  | [potion of mutation]
 68845 | Vaults:4 | Lost mutation: You have hidden genetic potential. [potion
                  | of mutation]
 68845 | Vaults:4 | Lost mutation: Armour fits poorly on your strangely shaped
                  | body. [potion of mutation]
 68845 | Vaults:4 | Gained mutation: Armour fits poorly on your strangely
                  | shaped body. [potion of mutation]
 68845 | Vaults:4 | Gained mutation: You have an increased reservoir of magic.
                  | (+10% MP) [potion of mutation]
 68846 | Vaults:4 | Lost mutation: Armour fits poorly on your strangely shaped
                  | body. [potion of mutation]
 68846 | Vaults:4 | Lost mutation: You have an increased reservoir of magic.
                  | (+10% MP) [potion of mutation]
 68846 | Vaults:4 | Gained mutation: You are agile. (Dex +4, Str/Int -1)
                  | [potion of mutation]
 68846 | Vaults:4 | Gained mutation: You have an increased reservoir of magic.
                  | (+10% MP) [potion of mutation]
 69001 | Vaults:5 | Entered Level 5 of the Vaults
 69315 | Vaults:5 | Identified the ring "Pisew" {rC+ Dex+5}
 69658 | Vaults:5 | Noticed Mara
 69662 | Vaults:5 | Noticed cforsyth's illusion
 69868 | Vaults:5 | Noticed cforsyth's illusion
 69991 | Vaults:5 | Noticed cforsyth's illusion
 70113 | Vaults:5 | Noticed cforsyth's illusion
 70215 | Vaults:5 | Killed Mara
 70567 | Vaults:5 | Identified the +1 morningstar of the Hairy God {antimagic,
                  | SInv}
 70581 | Vaults:5 | Identified the +2 leather armour of Ignis's Generosity
                  | {Rampage rC+ rCorr MP-9}
 70581 | Vaults:5 | Identified the ring of Viodd {rF+ rC- Will+ Int+6 SInv}
 70660 | Vaults:5 | Identified the amulet of the Supporting Gods {Will++ Regen+
                  | Int-2 Dex+5}
 70664 | Vaults:5 | Identified the ring "Ylilowol" {Will+ Int+6 Dex+3 Slay+3}
 70721 | Vaults:5 | Noticed an ancient lich
 70979 | Vaults:5 | Killed an ancient lich
 71192 | Vaults:5 | Identified the amulet of Symmetry {Reflect SH+5 Stlth+}
 71584 | Vaults:5 | Identified the +0 scale mail of the Original Sin {Regen+}
 71768 | Vaults:5 | Got a silver rune of Zot
 72597 | Depths:1 | Entered Level 1 of the Depths
 72640 | D:15     | Reached XP level 26. HP: 171/224 MP: 9/47
 73770 | Depths:1 | Found a one-way gate leading to the halls of Pandemonium.
 74148 | Depths:1 | Found a gateway to Hell.
 74229 | Depths:1 | Found a runed translucent door.
 74234 | Depths:1 | Found a runed translucent door.
 74234 | Depths:1 | Found a runed translucent door.
 74240 | Depths:1 | Found a runed translucent door.
 74248 | Depths:1 | Identified the ring of Zolah {Contam Fly rPois Int+4
                  | Stlth+}
 74430 | Depths:1 | Identified the +8 long sword "Nymed" {flame, rElec Stlth+}
 74444 | Depths:1 | Identified the ring of Opliaqeb {Wiz Str+3 Int+2 Slay-6}
 74615 | Depths:1 | Got the Volume of Amassed Clouds
 74618 | Depths:1 | Got the Incunable of the Stormy Burn
 75600 | Depths:2 | You are sucked into a shaft and drop 2 floors!
 75600 | Depths:4 | Entered Level 4 of the Depths
 75601 | Depths:4 | Found a shadowy altar of Dithmenos.
 75602 | Depths:4 | Noticed Xtahua
 75619 | Depths:4 | Killed Xtahua
 75932 | Depths:4 | Noticed Mennas
 75973 | Depths:4 | Killed Mennas
 76398 | Depths:3 | Noticed a dread lich
 76505 | Depths:3 | Found a one-way gateway to a ziggurat.
 76514 | Depths:3 | Killed a dread lich
 76803 | Depths:3 | Found a one-way gate to the infinite horrors of the Abyss.
 76865 | Depths:3 | Reached XP level 27. HP: 235/235 MP: 29/47
 77556 | Depths:2 | Found a large runed translucent door.
 77557 | Depths:2 | Found a large runed translucent door.
 77788 | Depths:2 | Reached skill level 10 in Transmutations
 78616 | Depths:2 | Identified the +11 longbow of the Sneaky Friends {drain,
                  | rElec rC+++ MP-9 Stlth-}
 78616 | Depths:2 | Identified the +2 glaive of Inupn {speed, rF+}
 79971 | Depths:2 | Found the +1 cloak of Starlight {*Dazzle EV+4 Stlth--}
 80584 | Depths:4 | Found a gate to the Realm of Zot.
 81071 | Zot:1    | Entered Level 1 of the Realm of Zot
 82551 | Zot:1    | You are sucked into a shaft and drop 1 floor!
 82634 | Zot:2    | Noticed an orb of fire
 82740 | Zot:1    | Identified the +8 double sword "Uwkalav" {freeze, +Blink
                  | rCorr}
 83917 | Zot:2    | Noticed an orb of fire
 83919 | Zot:2    | Gained mutation: You occasionally lose the ability to read
                  | scrolls when taking damage. [an orb of fire]
 83932 | Zot:2    | Killed an orb of fire
 84461 | Zot:3    | Noticed Vv
 84477 | Zot:3    | Killed Vv
 86533 | Zot:3    | Identified the amulet of Sahumizu {RegenMP rF+ rCorr Str+2}
 88077 | Zot:4    | Found a runed translucent door.
 88077 | Zot:4    | Noticed Rifisioch's ghost (veteran TrCK)
 88358 | Zot:4    | Killed Rifisioch's ghost
 88865 | Swamp:2  | Killed epsilonplus's ghost
 89476 | Zot:5    | Entered Level 5 of the Realm of Zot
 89951 | Zot:5    | Noticed an ancient lich
 89963 | Zot:5    | Killed an ancient lich
 90029 | Zot:5    | Noticed an orb of fire
 90035 | Zot:5    | Gained mutation: You are vulnerable to cold. (rC-) [an orb
                  | of fire]
 90040 | Zot:5    | Killed an orb of fire
 90048 | Zot:5    | Noticed an ancient lich
 90054 | Zot:5    | Killed an ancient lich
 90054 | Zot:5    | Noticed a dread lich
 90071 | Zot:5    | Killed a dread lich
 90370 | Zot:5    | Noticed an ancient lich
 90385 | Zot:5    | Killed an ancient lich
 90522 | Zot:5    | Noticed an ancient lich
 90527 | Zot:5    | Noticed an ancient lich
 90530 | Zot:5    | Noticed a dread lich
 90533 | Zot:5    | Noticed a dread lich
 90538 | Zot:5    | Killed a dread lich
 90540 | Zot:5    | Noticed a dread lich
 90542 | Zot:5    | Noticed an orb of fire
 90552 | Zot:5    | Noticed a dread lich
 90632 | Zot:5    | Killed a dread lich
 90640 | Zot:5    | Noticed an ancient lich
 90652 | Zot:5    | Killed a dread lich
 90658 | Zot:5    | Killed an ancient lich
 90671 | Zot:5    | Killed an ancient lich
 90673 | Zot:5    | Killed a dread lich
 90678 | Zot:5    | Killed an orb of fire
 90693 | Zot:5    | Noticed an ancient lich
 90783 | Zot:5    | Killed an ancient lich
 91338 | Zot:5    | Noticed an ancient lich
 91353 | Zot:5    | Killed an ancient lich
 91565 | Zot:5    | Killed an ancient lich
 91686 | Zot:5    | Noticed an ancient lich
 91695 | Zot:5    | Killed an ancient lich
 91803 | Zot:5    | Got the Orb of Zot
 92324 | D:10     | Gained mutation: You occasionally lose the ability to drink
                  | potions when taking damage. [a cacodemon]
 92427 | D:6      | Lost mutation: You are agile. (Dex +4, Str/Int -1) [potion
                  | of mutation]
 92427 | D:6      | Lost mutation: You occasionally lose the ability to drink
                  | potions when taking damage. [potion of mutation]
 92427 | D:6      | Gained mutation: You are somewhat resistant to further
                  | mutation. [potion of mutation]
 92428 | D:6      | Lost mutation: You occasionally lose the ability to read
                  | scrolls when taking damage. [potion of mutation]
 92428 | D:6      | Lost mutation: You are vulnerable to cold. (rC-) [potion of
                  | mutation]
 92549 | D:$      | Escaped with the Orb!

Illustrated notes

Levels and vault maps discovered:
D:1:      minmay_arrival_four_houses, layout_basic, minmay_misc_feat_columns,
          st_stairs_10
D:2:      layout_loops_ring, basic_altar
D:3:      layout_rooms, uniq_crazy_yiuf_cottage
D:4:      minmay_skewed_foursquare, layout_loops_ring,
          kennysheep_orc_sif_temple, uniq_duvessa, uniq_menkaure
D:5:      layout_rooms, mainiacjoe_overflow_surrounded_room,
          minmay_temple_entry_waves, lightli_sewer_entry_pipes
D:6:      minmay_recursive_quarters, layout_cave_pools,
          mainiacjoe_overflow_swirl, uniq_maggie, uniq_sigmund
D:7:      layout_cave_pools, gammafunk_ghost_grave, minmay_statues_item,
          uniq_pikel
D:8:      kennysheep_six_static_rooms, layout_layer_cave,
          general_overflow_altar, skrybe_limestone_x
D:9:      layout_long_grid, uniq_grum
D:10:     layout_loops_ring, david_orc_4, uniq_erolcha
D:11:     layout_loops_ring, lair_entry_dummy, serial_shops,
          nicolae_shop_crystal, serial_ice, serial_ice_h, serial_ice_d,
          serial_ice_k, serial_ice_e, serial_ice_m, serial_ice_f
D:12:     layout_basic, gauntlet_entry_generic
D:13:     kennysheep_scales, layout_gridville, uniq_urug
D:14:     layout_irregular_city, lightli_vaults_fourway_checkpoint,
          hangedman_abyss_or_decor_lesser_grid, uniq_azrael
D:15:     grunt_enter_depths_hoard, layout_rooms, minmay_misc_feat_square,
          nicolae_uskayaw_en_pointe
Temple:   minmay_temple_bridge_d
Lair:1:   layout_cave_pods, uniq_joseph
Lair:2:   layout_cave_pods, minmay_swamp_entry_swarm,
          nicolae_spider_entry_non_spiders, serial_bayou_shore_a, uniq_gastronok
Lair:3:   layout_loops_ring
Lair:4:   layout_small_grid, slime_entry_1, special_room [special_room_bee],
          ebering_ghost_rock_garden
Lair:5:   hangedman_lair_in_review, layout_loops_ring, lemuel_fruit_fields,
          uniq_nessos
Swamp:1:  layout_basic_swamp, evilmike_swamp_ruin_rubble_2
Swamp:2:  layout_falls_marsh, ebering_ghost_inner_flame, serial_swamp_ruin,
          evilmike_swamp_ruin_rubble_1, evilmike_swamp_ruin_house_2,
          infiniplex_staircase_pool
Swamp:3:  nzn_winding_woodlands_cross [nzn_winding_woodlands_5x15_default,
          nzn_winding_woodlands_5x15_zeroes,
          nzn_winding_woodlands_5x15_split_checker,
          nzn_winding_woodlands_5x15_default,
          nzn_winding_woodlands_15x15_witchcraft], layout_basic_swamp,
          hangedman_swamp_blocks, swamp_pool4, nicolae_swamp_thats_no_hydra
Swamp:4:  swamp_vile, layout_basic_swamp, infiniplex_staircase_pool_2,
          uniq_aizul, uniq_kirke
Spider:1: layout_spider_delve, drop_trap, uniq_nikola, uniq_josephine,
          uniq_asterion, uniq_roxanne
Spider:2: cheibrodos_spider_deadly_dance, uniq_arachne, uniq_donald
Spider:3: layout_cave_pods
Spider:4: hellmonk_spider_rune_endless_swarm, worms_lemuel
Slime:1:  layout_caves
Slime:2:  layout_caves
Slime:3:  layout_caves
Slime:4:  cheibrodos_slime_lost_civilization_8, layout_caves, uniq_dissolution
Slime:5
Orc:1:    layout_diamond_mine
Orc:2:    grunt_orc_community_town_hall, layout_caves,
          grunt_orc_community_big_house_2, grunt_orc_community_big_house_2,
          grunt_orc_community_house_3, grunt_orc_community_house_2,
          grunt_orc_community_house_2, grunt_orc_community_house_3,
          grunt_orc_community_house_3, grunt_orc_community_house_2,
          serial_shops, shop, nicolae_shop_advertising_works
          [nicolae_subvault_shop_adworks], shop, shop, basic_altar
Elf:1:    layout_gridlike, minmay_elf_sorcery
Elf:2:    elven_hall_of_blades_hangedman_original [nicolae_blade_little_rooms],
          layout_geoelf_octagon, nicolae_elf_v_pinch
Elf:3:    grunt_elf_hall_asides, layout_onion_city, basic_altar,
          minmay_shop_grove
Vaults:1: portal_desolation_entry_holy_temple, ontoclasm_vaults_ring_large,
          nicolae_vaults_twisting_passages, v_misc_19, v_misc_24, v_pattern_2,
          ontoclasm_vaults_ring_small, vaults_room_guarded_vault,
          nicolae_vaults_little_squares_6, layout_vaults_ring
Vaults:2: v_misc_4, nicolae_vaults_network_quincunx
          [nicolae_vaults_network_quincunx_subvault,
          nicolae_vaults_network_quincunx_subvault,
          nicolae_vaults_network_quincunx_subvault,
          nicolae_vaults_network_quincunx_subvault,
          nicolae_vaults_network_quincunx_subvault],
          nicolae_vaults_little_squares_3, vaults_room_large_hall,
          v_alt_pattern_6, layout_vaults_chaotic_city, serial_shops, shop,
          nicolae_square_shop, nicolae_shop_hallway_plus
Vaults:3: grunt_vaults_hallway_short, nicolae_vaults_network_periphery,
          sword_in_stone, hangedman_vaults_corner, vaults_dpeg_emergency_exit,
          vaults_mumra_hexcomb, nicolae_vaults_what_the_h,
          minmay_crypt_entry_simple_box, layout_vaults_quadrants, serial_shops,
          bzr_entry_customers, shop, shop
Vaults:4: v_alt_pattern_2, v_misc_23, v_misc_31, ontoclasm_vaults_gateway,
          hangedman_vaults_stream, v_alt_pattern_3, v_misc_27,
          vaults_room_fours, ontoclasm_vaults_ring_square, vaults_dpeg_hooks,
          vaults_room_grid, nicolae_vaults_three_branches,
          layout_vaults_big_cross, trove_entry_hex_spiral
Vaults:5: uniq_mara
Crypt:1:  layout_chaotic_city
Crypt:2:  gammafunk_dig_for_victory, layout_misc_corridors, grunt_ministairs_6,
          uniq_josephina
Crypt:3:  david_glass_crypt, layout_chaotic_city, tomb_entry_sphere_bobbens,
          infiniplex_enter_wizlab_water, st_stairs_14
Depths:1: minmay_the_grid_triangle_9x9_recursive_3_mashed
          [minmay_the_grid_triangle_9x9_zippers_vertical,
          minmay_the_grid_triangle_9x9_alien,
          minmay_the_grid_triangle_9x9_empty,
          minmay_the_grid_triangle_9x9_prize_center,
          minmay_the_grid_triangle_9x9_minimal,
          minmay_the_grid_triangle_9x9_fully_insulated_deathbox,
          minmay_the_grid_triangle_9x9_subtriangle,
          minmay_the_grid_triangle_9x9_corruption,
          minmay_the_grid_triangle_9x9_from_above], layout_gridlike,
          nrook_pool_corridor, grunt_pan_entry_spiral, hell_entry, minivault_16,
          minmay_orc_keep
Depths:2: lightli_eight_chambers, layout_gridlike, nicolae_sextant,
          rand_demon_pan_entry_3, hangedman_tar_grid_catacomb,
          minmay_misc_feat_cross, kennysheep_nondescript, minivault_14
Depths:3: dreamdust_tengu_aerie, layout_cave_shapes, enter_ziggurat_d,
          grunt_mini_vestibule, dk_noncrumbling_4, abyss_entry,
          infiniplex_staircase_pool_1
Depths:4: grunt_zot_entry_pinwheel, layout_basic, grunt_hell_entry_dis_mu,
          nicolae_dithmenos_shadow_blocks, uniq_xtahua, uniq_margery,
          uniq_mennas
Zot:1:    layout_onion, nicolae_rock_paper_scissors
Zot:2:    grunt_zot_stairs_mandelzot, layout_twisted_circle, nrook_zot_tub
Zot:3:    layout_gridlike, uniq_vv
Zot:4:    grunt_deathspiral_small, layout_onion_interference,
          gammafunk_ghost_grave, grunt_ministairs_13
Zot:5:    layout_gridlike, st_stairs_14, grunt_ministairs_6

Skill      XL: |  1  2  3  4  5  6  7  8  9 10 11 12 13 14 15 16 17 18 19 20 21 22 23 24 25 26 27 |
---------------+----------------------------------------------------------------------------------+-----
Axes           | 3 4 5 6 8 9 12 14 16 17 18 19 20 21 22 23 26 | 26.3
Fighting       | 5 8 10 12 14 15 17 18 19 20 22 23 26 | 26.4
Armour         | 5 8 10 12 14 15 16 17 18 19 21 22 23 26 | 26.5
Dodging        | 3 6 9 10 12 14 15 16 17 19 20 21 24 | 24.4
Shields        | 5 11 13 18 | 18.7
Spellcasting   | 7 13 15 17 | 17.2
Translocations | 13 14 | 14.0
Transmutations | 1 5 7 9 10 | 10.0

Action                     |  1- 3 |  4- 6 |  7- 9 | 10-12 | 13-15 | 16-18 | 19-21 | 22-24 | 25-27 || total
---------------------------+-------+-------+-------+-------+-------+-------+-------+-------+-------++-------
  Melee: War axe           |   101 |   160 |   332 |   330 |       |       |       |  1112 |  2869 ||  4904
         Broad axe         |       |       |       |   336 |   995 |  1595 |  1338 |   666 |    10 ||  4940
         Unarmed           |       |       |       |       |    94 |       |       |       |       ||    94
   Cast: Manifold Assault  |       |       |       |       |       |       |    18 |   478 |   592 ||  1088
         Wereblood         |       |       |       |       |       |       |     1 |     2 |    48 ||    51
         Blink             |       |       |       |       |       |       |       |     1 |       ||     1
  Evoke: Wand              |       |       |       |    26 |     6 |     4 |       |     6 |       ||    42
    Use: Scroll            |       |     7 |     1 |     7 |    15 |    12 |     7 |     8 |    32 ||    89
         Potion            |       |       |     2 |     4 |     4 |     2 |       |     5 |    13 ||    30
   Stab: Distracted        |       |       |       |       |       |     2 |       |       |     2 ||     4
         Invisible         |       |       |       |       |       |       |       |       |    19 ||    19
 Armour: Scale mail        |    36 |    92 |    82 |       |       |       |       |       |       ||   210
         Chain mail        |       |       |    40 |   336 |   739 |       |       |       |       ||  1115
         Acid dragon scale |       |       |    11 |       |       |       |       |       |       ||    11
         Plate armour      |       |       |       |       |     3 |   727 |   227 |   140 |   203 ||  1300
         Gold dragon scale |       |       |       |       |       |       |       |       |   115 ||   115
  Dodge: Dodged            |    37 |    82 |   123 |   317 |  1277 |  1534 |   511 |   381 |  1132 ||  5394
  Block: Buckler           |    24 |    39 |    51 |   180 |   478 |   132 |       |       |       ||   904
         Kite shield       |       |       |       |       |       |  1094 |       |       |       ||  1094
         Tower shield      |       |       |       |       |       |   586 |  1859 |  1325 |  2446 ||  6216
         Reflection        |       |       |       |       |       |       |   104 |    74 |     3 ||   181

Table legend: (Time is in decaauts)
 A = Elapsed time spent in this place.
 B = Non-inter-level travel time spent in this place.
 C = Inter-level travel time spent in this place.
 D = Time resting spent in this place.
 E = Time spent auto-exploring this place.
 F = Levels seen in this place.
 G = Mean time per level.
                   A        B        C        D        E       F      G
               +--------+--------+--------+--------+--------+-----+--------+
         Total | 148291 | 126141 |  22150 |  24545 |  74271 |  61 | 2431.0 |
       Dungeon |  33576 |  26308 |   7268 |   5475 |  15417 |  15 | 2238.4 |
        Temple |    227 |     88 |    139 |      0 |     78 |   1 |  227.0 |
          Lair |  12962 |   9881 |   3081 |    842 |   7190 |   5 | 2592.4 |
         Swamp |   7571 |   7097 |    474 |   1702 |   3701 |   4 | 1892.8 |
   Spider Nest |  11992 |  10750 |   1242 |   2683 |   4939 |   4 | 2998.0 |
    Slime Pits |   9633 |   9150 |    483 |   3771 |   3709 |   5 | 1926.6 |
  Orcish Mines |   3092 |   2416 |    676 |    105 |   1678 |   2 | 1546.0 |
   Elven Halls |   8875 |   8162 |    713 |    452 |   6607 |   3 | 2958.3 |
        Vaults |  17358 |  14181 |   3177 |   1952 |   9561 |   5 | 3471.6 |
         Crypt |   7966 |   7414 |    552 |   1767 |   4194 |   3 | 2655.3 |
        Depths |  16293 |  13406 |   2887 |   2881 |   8458 |   4 | 4073.2 |
           Zot |  13293 |  11841 |   1452 |   2418 |   6078 |   5 | 2658.6 |
        Bazaar |    656 |    656 |      0 |      0 |    247 |   1 |  656.0 |
         Trove |     99 |     99 |      0 |      0 |      0 |   1 |   99.0 |
         Sewer |    596 |    596 |      0 |      0 |    399 |   1 |  596.0 |
        Wizlab |   2442 |   2442 |      0 |    200 |   1354 |   1 | 2442.0 |
    Desolation |   1654 |   1654 |      0 |    292 |    656 |   1 | 1654.0 |
               +--------+--------+--------+--------+--------+-----+--------+

Top non-repeatable levels by time:
Depths:2: 5509 daAuts
Depths:4: 5321 daAuts
    D:11: 4512 daAuts
Vaults:4: 4473 daAuts
  Lair:2: 4142 daAuts
Spider:1: 3965 daAuts
Spider:4: 3836 daAuts
   Elf:3: 3696 daAuts
Vaults:3: 3437 daAuts
Vaults:5: 3373 daAuts
Depths:1: 3346 daAuts
     D:6: 3313 daAuts
    D:10: 3228 daAuts
   Zot:5: 3223 daAuts
 Crypt:2: 3200 daAuts
